 Dungeon Crawl Stone Soup version 0.30-a0-304-gdc4b735fe1 (webtiles) character file.

Game seed: 2772888724403751031

91804 Zonian the Warrior (level 16, 0/130 HPs)
             Began as a Djinni Ice Elementalist on Oct 20, 2022.
             Was a Priest of Ashenzari.
             Slain by a white ugly thing (42 damage)
             ... on level 15 of the Dungeon on Oct 21, 2022.
             The game lasted 01:23:50 (32109 turns).

Zonian the Warrior (Djinni Ice Elementalist)       Turns: 32109, Time: 01:23:51

Health: 0/130      AC: 10    Str:  7    XL:     16   Next: 51%
Gold:   1634       EV: 21    Int: 23    God:    Ashenzari [***...] SH: 13 Dex: 20

rFire   + + .      SeeInvis +    R - +8 quick blade "Lieboeso" {vorpal, Drain rElec Will+}
rCold   x . .      Faith    .    r - +1 buckler of the Bound Repose {Melee, Fort} (curse)
rNeg    . . .      Spirit   .    L - +4 troll leather armour
rPois   ∞          Reflect  +    i - +1 helmet of the Chained Sun {Melee, Fort} (curse)
rElec   +          Harm     .    W - scarf "Thunder Perfect Mind" {shadows, Fort, Self} (curse)
rCorr   .          Rampage  .    (no gloves)
Will    ++...      Clarity  +    (boots unavailable)
Stlth   ++++++....               M - amulet "Shame of the Bound God" {Reflect Fly rPois MP+9 Int-2 SH+5, Cun, Fort} (curse)
HPRegen 1.21/turn                p - ring of Ashenzari's Planets {Dex+6, Self, Fort} (curse)
MPRegen 0.00/turn                Z - +4 ring of slaying

@: about to teleport, flying, studying 4 skills
A: sickness immunity, fire resistance 2, cold vulnerability 1, float, innate
caster, HP casting, extra vitality 1
a: Renounce Religion, Curse Item, Shatter the Chains


You were on level 15 of the Dungeon.
You worshipped Ashenzari.
Ashenzari was most pleased with you.
You visited 3 branches of the dungeon, and saw 21 of its levels.
You also visited: Ossuary and Bailey.

You collected 2704 gold pieces.
You spent 1070 gold pieces at shops.

Inventory:

Hand Weapons
 h - a +4 dagger of venom
 K - a +2 vampiric hand axe
 P - a +0 sling
 R - the +8 quick blade "Lieboeso" (weapon) {vorpal, Drain rElec Will+}
   (You acquired it on level 2 of the Lair of Beasts)

   It inflicts extra damage upon your enemies.
   rElec:     It insulates you from electricity.
   Drain:     It drains your maximum health when unequipped.
   Will:      It increases your willpower.
 S - a +1 short sword of flaming
Missiles
 d - 35 poisoned darts
 f - 4 datura-tipped darts
 g - 29 javelins
 o - 29 boomerangs
Armour
 i - the cursed +1 helmet of the Chained Sun (worn) {Melee, Fort}
   (You found it on level 5 of the Dungeon)

   It has a curse which improves the following skills: Melee Combat: Short
   Blades, Long Blades, Axes, Maces & Flails, Polearms, Staves and Unarmed
   Combat.
   Fortitude: Armour and Shields.
 r - the cursed +1 buckler of the Bound Repose (worn) {Melee, Fort}
   (You found it on level 4 of the Dungeon)

   It has a curse which improves the following skills: Melee Combat: Short
   Blades, Long Blades, Axes, Maces & Flails, Polearms, Staves and Unarmed
   Combat.
   Fortitude: Armour and Shields.
 L - a +4 troll leather armour (worn)
 W - the cursed scarf "Thunder Perfect Mind" (worn) {shadows, Fort, Self}
   (You found it on level 2 of the Lair of Beasts)

   It has a curse which improves the following skills: Fortitude: Armour and
   Shields.
   Introspection: Fighting and Spellcasting.
Jewellery
 p - the cursed ring of Ashenzari's Planets (left hand) {Dex+6, Self, Fort}
   (You found it on level 4 of the Dungeon)

   [ring of dexterity]

   Dex:       It affects your dexterity (+6).
   It has a curse which improves the following skills: Introspection: Fighting
   and Spellcasting.
   Fortitude: Armour and Shields.
 w - a ring of protection from cold
 M - the cursed amulet "Shame of the Bound God" (around neck) {Reflect Fly rPois MP+9 Int-2 SH+5, Cun, Fort}
   (You acquired it in a bailey)

   [amulet of reflection]

   It reflects blocked missile attacks.
   Int:       It affects your intelligence (-2).
   rPois:     It protects you from poison.
   MP:        It affects your magic capacity (+9).
   Fly:       It grants you flight.
   SH:        It affects your SH (+5).
   It has a curse which improves the following skills: Cunning: Dodging and
   Stealth.
   Fortitude: Armour and Shields.
 N - a ring of resist corrosion
 O - the ring of Lylaczuz {rF+ Will+ Str+2}
   (You found it on level 10 of the Dungeon)

   [ring of willpower]

   Str:       It affects your strength (+2).
   rF:        It protects you from fire.
   Will:      It increases your willpower.
 U - a +6 ring of dexterity
 Y - a +4 ring of evasion
 Z - a +4 ring of slaying (right hand)
Wands
 c - a wand of acid (3)
 q - a wand of iceblast (15)
 s - a wand of polymorph (14)
 D - a wand of flame (10)
 F - a wand of charming (10)
 G - a wand of digging (2)
 T - a wand of mindburst (2)
Scrolls
 a - a scroll of silence
 e - a scroll of vulnerability
 j - a scroll of poison
 m - 3 scrolls of butterflies
 n - 2 scrolls of summoning
 t - a scroll of enchant weapon
 v - 6 scrolls of teleportation
 y - 3 scrolls of brand weapon
 Q - 4 scrolls of blinking
 X - a scroll of magic mapping
Potions
 b - 4 potions of flight
 k - 4 potions of haste
 l - 12 potions of curing
 u - 4 potions of heal wounds
 z - 5 potions of magic
 A - 2 potions of mutation
 B - 3 potions of lignification
 C - a potion of cancellation
 E - 4 potions of might
 H - 4 potions of resistance
 J - a potion of ambrosia
Miscellaneous
 I - a box of beasts
 V - a lightning rod (4/4)


   Skills:
 + Level 15.0(17.4) Fighting
 - Level 12.6(15.0) Short Blades
 - Level 13.4(15.0) Dodging
 - Level 12.3(13.8) Stealth
 - Level 4.0(8.1) Shields
 + Level 12.5(14.9) Spellcasting
 - Level 8.0 Evocations


You had 9 spell levels left.
You knew the following spells:

 Your Spells              Type           Power      Damage    Failure   Level
a - Freeze                Ice            100%       1d10      0%          1
b - Frozen Ramparts       Ice            100%       1d16      1%          3
c - Ozocubu's Armour      Ice            72%        N/A       1%          3
d - Summon Ice Beast      Ice/Summ       72%        N/A       1%          4
e - Summon Small Mammal   Summ           100%       N/A       0%          1
f - Static Discharge      Conj/Air       100%       2-7/arc   1%          2
g - Vhi's Electric Charg  Tloc/Air       100%       N/A       1%          3
h - Gell's Gravitas       Tloc           72%        N/A       1%          3
i - Summon Lightning Spi  Summ/Air       72%        N/A       1%          4
j - Yara's Violent Unrav  Hex/Tmut       36%        3d15      1%          5
k - Eringya's Noxious Bo  Tmut/Pois      36%        N/A       2%          6
Your spell library was empty.

Dungeon Overview and Level Annotations

Branches:
Dungeon (15/15)            Temple (1/1) D:4            Lair (5/5) D:11
  Swamp (0/4) Lair:3        Snake (0/4) Lair:3        Slime (0/5) Lair:4
    Orc (0/2) D:10         Vaults (0/5) D:13         Depths (0/4) D:15
Ossuary (visited)          Bailey (visited)

Altars:
Ashenzari
Cheibriados
Elyvilon
Hepliaklqana
Makhleb
Nemelex Xobeh
Okawaru
Qazlal
Ru
Trog
Uskayaw
Wu Jian
Xom
Zin
Jiyva

Shops:
D:2 *   D:6 :   D:9 :

Annotations:
D:3 1 runed translucent door, Crazy Yiuf
D:8 1 runed translucent door, Darkkill's ghost, novice HuHu


Innate Abilities, Weirdness & Mutations

You are immune to sickness and miasma.
You are immune to poison.
Your flesh is very heat resistant. (rF++)
You are vulnerable to cold. (rC-)
You float through the air rather than walking.
You learn spells naturally, not from books.
Your magical power is your life essence.
You have superior vitality. (+4 MHP)


Message History

The white ugly thing claws you. The white ugly thing freezes you!!!
You feel a terrible chill!
The white ugly thing headbutts your lightning spire but does no damage.
Unknown command.
You completely miss the white ugly thing.
The white ugly thing is almost dead.
You hit the white ugly thing.
The white ugly thing is almost dead.
The white ugly thing barely misses you.
Unknown command.
You hit the white ugly thing.
The white ugly thing is almost dead.
You block the white ugly thing's attack.
The white ugly thing headbutts your lightning spire.
The white ugly thing freezes your lightning spire.
Your lightning spire resists.
Unknown command.
You puncture the white ugly thing!
You kill the white ugly thing!
Unknown command.
You puncture the white ugly thing!
The white ugly thing is moderately wounded.
The white ugly thing pecks you. The white ugly thing freezes you!!
You feel a terrible chill!
You barely miss the white ugly thing.
The white ugly thing is moderately wounded.
The red ugly thing barely misses your lightning spire.
Unknown command.
As you read the scroll of teleportation, it crumbles to dust.
You feel strangely unstable.
The white ugly thing headbutts your lightning spire.
The white ugly thing freezes your lightning spire.
Your lightning spire resists.
The white ugly thing closely misses you.
You block the white ugly thing's attack.
The red ugly thing punches your lightning spire but does no damage.
The white ugly thing attacks as you move away!
The white ugly thing tentacle-slaps you.
The white ugly thing freezes you!!!
You feel a terrible chill!
You die...

###### #....# ### #....# *
#..# #....# ^ #.... #....# ,
#....#############....# , ,
#......u8.............#### ,
*#......uu@................
,........u#######..........
*
,,........u#.....#..........
.........#.....+..........
.........#.....#..########
.........#.†...'..# ,
.........#######..#, ,,,, ,
, ,.........# , *
,.........## ,


You could see 5 ugly things and a friendly lightning spire (summoned).

Vanquished Creatures
  A stone giant (D:15)
  Snorg (D:13)
  The ghost of plokij the Carver, a journeyman MiFi of Okawaru (D:11)
  A vault guard (D:13)
  A catoblepas (Lair:5)
  5 hydras
  An ogre mage (D:13)
  3 centaur warriors
  11 death yaks
  6 two-headed ogres
  7 boulder beetles
  2 tengu warriors (D:15)
  Amaemon (Lair:2)
  8 skeletal warriors
  3 deep elf pyromancers
  A wizard (D:14)
  2 manticores
  5 cyclopes
  18 elephants (Lair:5)
  14 ugly things
  6 black mambas
  2 torpor snails
  9 cane toads
  An orange demon (Lair:2)
  4 rime drakes
  3 kobold demonologists (D:13)
  5 komodo dragons
  2 freezing wraiths (D:15)
  4 tengu conjurers
  A troll (D:10)
  6 hornets
  3 polar bears (Lair:5)
  A tyrant leech (Lair:3)
  16 slime creatures
  13 blink frogs
  4 dream sheep (Lair:4)
  13 spriggans (Lair:5)
  A shadow (D:11)
  A fire bat (shapeshifter) (D:13)
  A spriggan (shapeshifter) (D:15)
  6 wyverns
  38 yaks
  9 vampire mosquitoes (D:13)
  A steam dragon (Lair:1)
  5 basilisks
  2 swamp worms (Lair:3)
  3 nagas (Lair:3)
  4 wargs (D:10)
  6 acid dragons
  17 water moccasins
  7 black bears
  16 orc warriors
  An ice beast (D:6)
  6 boggarts
  13 centaurs
  14 wolves
  4 ogres
  3 phantoms
  A kobold brigand (D:13)
  11 bullfrogs
  2 necrophages
  7 scorpions
  5 gnoll sergeants
  5 wights (D:9)
  9 killer bees (D:9)
  An electric eel (Lair:1)
  7 howler monkeys
  4 centaur zombies (Ossuary)
  A crimson imp (D:4)
  6 hounds
  4 jellies
  2 gnoll boudas
  7 orc priests
  3 human zombies (Ossuary)
  An iguana (D:5)
  9 orc wizards
  3 scorpion zombies (Ossuary)
  2 mummies (Ossuary)
  5 adders
  20 gnolls
  4 white imps
  A worm (D:2)
  4 dart slugs
  41 orcs
  10 ball pythons
  4 endoplasms
  A gnoll zombie (Ossuary)
  7 hobgoblins
  7 kobolds
  A quokka (D:5)
  5 bats
  5 frilled lizards
  8 goblins
  A goblin zombie (Ossuary)
  2 hobgoblin zombies (Ossuary)
  2 kobold zombies (Ossuary)
  2 orc zombies (Ossuary)
  2 rats (D:1)
565 creatures vanquished.

Vanquished Creatures (collateral kills)
  A hydra (Lair:4)
  A death knight (D:15)
  A death yak (Lair:4)
  A skeletal warrior (D:14)
  4 ugly things (D:15)
  A troll (D:10)
  A yak (Lair:1)
  A swamp drake (Bailey)
  6 orc warriors
  2 ogres (D:10)
  5 centaurs
  A scorpion (Bailey)
  3 wights (D:9)
  2 orc wizards
  4 gnolls
  18 orcs
  2 kobolds (D:13)
54 creatures vanquished.

Vanquished Creatures (others)
  A swamp drake (Bailey)
  An orc wizard (D:10)
  17 fungi
  27 plants
  2 withered plants (D:8)
48 creatures vanquished.

Grand Total: 667 creatures vanquished

Notes
Turn   | Place    | Note
-------+----------+-------------------------------------------
     0 | D:1      | Zonian the Djinni Ice Elementalist began the quest for the
                  | Orb.
     0 | D:1      | Zonian set off with the following spells memorised: Freeze,
                  | Frozen Ramparts, Ozocubu's Armour, Summon Ice Beast.
     0 | D:1      | Reached XP level 1. HP: 15/15 MP: 0/0
   139 | D:1      | Reached XP level 2. HP: 3/21 MP: 0/0
  1447 | D:1      | Reached XP level 3. HP: 24/25 MP: 0/0
  1447 | D:1      | Learned a level 1 spell: Summon Small Mammal
  2137 | D:2      | Found Wuefuck's Assorted Antiques.
  2145 | D:2      | Bought a scroll labelled CADYAQ HUUST for 22 gold pieces
  2145 | D:2      | Bought 2 metallic white potions for 39 gold pieces
  2676 | D:3      | Reached XP level 4. HP: 28/31 MP: 0/0
  2892 | D:3      | Found a runed translucent door.
  2893 | D:3      | Noticed Crazy Yiuf
  3232 | D:4      | Found a staircase to the Ecumenical Temple.
  3245 | Temple   | Entered the Ecumenical Temple
  3254 | Temple   | Became a worshipper of Ashenzari the Shackled
  3307 | D:4      | Noticed a black bear
  3350 | D:4      | Reached XP level 5. HP: 23/35 MP: 0/0
  3350 | D:4      | Learned a level 2 spell: Static Discharge
  5083 | D:5      | Entered Level 5 of the Dungeon
  5102 | D:5      | Noticed a bullfrog
  5179 | D:2      | Bought a bubbling white potion for 19 gold pieces
  5179 | D:2      | Bought a jade ring for 110 gold pieces
  5270 | D:5      | Reached XP level 6. HP: 28/40 MP: 0/0
  5378 | D:5      | Reached skill level 1 in Fighting
  5446 | D:5      | Reached skill level 2 in Fighting
  5448 | D:5      | Reached XP level 7. HP: 4/49 MP: 0/0
  5448 | D:5      | Learned a level 3 spell: Vhi's Electric Charge
  5465 | D:5      | HP: 2/49 [phantom (2)]
  6177 | D:5      | Reached skill level 3 in Fighting
  6756 | D:5      | Reached skill level 5 in Spellcasting
  6758 | D:5      | Reached skill level 4 in Fighting
  6850 | D:5      | Reached XP level 8. HP: 58/58 MP: 0/0
  7080 | D:5      | Reached skill level 1 in Shields
  7451 | D:6      | Found a sand-covered staircase.
  7464 | Ossuary  | Entered an ossuary
  7821 | Ossuary  | Reached skill level 5 in Fighting
  8323 | Ossuary  | Reached XP level 9. HP: 61/66 MP: 0/0
  8323 | Ossuary  | Learned a level 3 spell: Gell's Gravitas
  8702 | Ossuary  | Identified a scroll of acquirement
  8703 | Ossuary  | Acquired a manual of Stealth
  8739 | Ossuary  | Reached skill level 6 in Fighting
  9066 | D:6      | Reached * piety under Ashenzari
  9137 | D:6      | Found Ydaja's Book Shop.
  9892 | D:6      | Reached skill level 1 in Short Blades
 10236 | D:6      | Reached skill level 5 in Stealth
 11279 | D:7      | Reached ** piety under Ashenzari
 11306 | D:7      | Reached XP level 10. HP: 65/77 MP: 0/0
 11311 | D:7      | Reached skill level 7 in Fighting
 11757 | D:7      | Found a bloodstained altar of Trog.
 11849 | D:7      | Reached *** piety under Ashenzari
 11986 | D:8      | Found a shimmering altar of Xom.
 12008 | D:8      | Found a runed translucent door.
 12010 | D:8      | Noticed Darkkill's ghost (novice HuHu)
 12073 | D:8      | Identified the +6 quarterstaff of Makhleb {vorpal, rElec
                  | rCorr Dex+3 Stlth-}
 12797 | D:9      | Found a stormy altar of Qazlal.
 12814 | D:9      | Noticed a boulder beetle
 12825 | D:9      | Killed a boulder beetle
 13237 | D:9      | Reached skill level 8 in Fighting
 13431 | D:9      | Found Jiolec's Vocational Training.
 13754 | D:9      | Reached XP level 11. HP: 81/86 MP: 0/0
 13754 | D:9      | Learned a level 4 spell: Summon Lightning Spire
 14251 | D:9      | Noticed a boulder beetle
 14271 | D:9      | Killed a boulder beetle
 14272 | D:9      | Reached skill level 5 in Short Blades
 14733 | D:10     | Entered Level 10 of the Dungeon
 14875 | D:10     | Found a staircase to the Orcish Mines.
 15277 | D:10     | Identified the ring of Lylaczuz {rF+ Will+ Str+2}
 15313 | D:10     | Reached skill level 9 in Fighting
 15381 | D:10     | Found a flagged portal.
 15392 | Bailey   | Entered a bailey
 16366 | Bailey   | Acquired the amulet of Rorhiob {Reflect Fly rPois MP+9
                  | Int-2 SH+5}
 16559 | D:10     | Reached skill level 10 in Stealth
 16699 | D:10     | Reached XP level 12. HP: 51/95 MP: 0/0
 17502 | D:11     | Noticed a boulder beetle
 17504 | D:11     | Noticed plokij's ghost (journeyman MiFi)
 17505 | D:11     | Found a runed translucent gate.
 17506 | D:11     | Found a runed translucent gate.
 17506 | D:11     | Found a runed translucent gate.
 17771 | D:11     | Found a staircase to the Lair.
 18375 | Lair:1   | Entered Level 1 of the Lair of Beasts
 18465 | Lair:1   | Reached skill level 10 in Fighting
 18619 | Lair:1   | Found a snail-covered altar of Cheibriados.
 19343 | Lair:2   | Noticed Amaemon
 19377 | Lair:2   | Killed Amaemon
 19715 | Lair:2   | Acquired 972 gold pieces
 19725 | Lair:2   | Acquired a manual of Short Blades
 19727 | Lair:2   | Acquired the +8 quick blade "Lieboeso" {vorpal, Drain rElec
                  | Will+}
 19754 | Lair:2   | Reached XP level 13. HP: 85/103 MP: 0/0
 19754 | Lair:2   | Learned a level 5 spell: Yara's Violent Unravelling
 19920 | Lair:2   | Identified the +1 robe "Padghisisa" {Regen+ Int+4}
 20136 | Lair:2   | Reached skill level 11 in Fighting
 20505 | D:9      | Bought a manual of Evocations for 880 gold pieces
 21068 | Lair:3   | Found a staircase to the Snake Pit.
 21081 | Lair:3   | Reached skill level 1 in Evocations
 21157 | Lair:3   | Noticed an eight-headed hydra
 21167 | Lair:3   | Killed an eight-headed hydra
 21168 | Lair:3   | Reached skill level 5 in Dodging
 21345 | Lair:3   | Found a hide-covered altar of Uskayaw.
 21349 | Lair:3   | Found an ornate altar of the Wu Jian Council.
 22012 | Lair:3   | Found a staircase to the Swamp.
 22126 | Lair:4   | Reached skill level 5 in Evocations
 22131 | Lair:4   | Reached skill level 10 in Short Blades
 22483 | Lair:4   | Reached skill level 10 in Spellcasting
 22511 | Lair:4   | Noticed a four-headed hydra
 22524 | Lair:4   | Killed a four-headed hydra
 22703 | Lair:4   | Reached XP level 14. HP: 110/110 MP: 0/0
 23677 | Lair:4   | Found a viscous altar of Jiyva.
 23679 | Lair:4   | Found a runed translucent door.
 23680 | Lair:4   | Found a staircase to the Slime Pits.
 23829 | Lair:5   | Entered Level 5 of the Lair of Beasts
 23871 | Lair:5   | Reached skill level 12 in Fighting
 24821 | Lair:5   | Reached skill level 10 in Dodging
 25165 | Lair:5   | Identified the ring of Yesterday {*Slow Fly rF++ Int+6}
 25328 | Lair:5   | Reached XP level 15. HP: 73/117 MP: 0/0
 25328 | Lair:5   | Learned a level 6 spell: Eringya's Noxious Bog
 26410 | D:11     | Killed plokij's ghost
 26675 | D:12     | Reached skill level 13 in Fighting
 27655 | D:13     | Noticed Snorg
 27671 | D:13     | Killed Snorg
 27987 | D:13     | Found a gate to the Vaults.
 28475 | D:14     | HP: 3/121 [skeletal warrior/+0 hand axe (14)]
 29023 | D:14     | Reached skill level 14 in Fighting
 29087 | D:14     | Reached XP level 16. HP: 87/129 MP: 0/0
 30517 | D:15     | Entered Level 15 of the Dungeon
 31953 | D:15     | Identified the Parchment of Fetching Companions
 31987 | D:15     | Found a staircase to the Depths.
 31991 | D:15     | Reached skill level 15 in Fighting
 32109 | D:15     | Slain by a white ugly thing

Illustrated notes

Levels and vault maps discovered:
D:1:      beargit_arrival_greenhouse, layout_basic
D:2:      layout_loops_corners, serial_shops, nicolae_shop_trees
D:3:      layout_rooms, uniq_crazy_yiuf_cottage
D:4:      layout_loops_corners, minmay_temple_entry_grid, minmay_fire_ice_demons
D:5:      layout_loops_cross, corexii_shack, chequers_serial_rivers_marsh
D:6:      dreamdust_elfheim, layout_basic, nicolae_ossuary_entry_ruins,
          serial_shops, nicolae_diamond_shop, minmay_manual_mess
D:7:      layout_cave_pools, lemuel_doored_altar
D:8:      layout_loops_ring, kennysheep_mini, gammafunk_ghost_grave
D:9:      layout_basic, nicolae_qazlal_style_of_elements,
          nicolae_shop_vocational
D:10:     layout_basic, kennysheep_orc_monster_closet_entryway, enter_bailey_3,
          nooodl_orcs_dogs
D:11:     layout_basic, lair_entry_dummy, gammafunk_ghost_split
D:12:     layout_gridville
D:13:     layout_irregular_city, david_vaults_5, uniq_snorg
D:14:     layout_roguey, nicolae_elevator_lobby_plus, grunt_ministairs_13
D:15:     grunt_enter_depths_snipers, layout_irregular_city,
          chequers_serial_rivers_room_b
Temple:   nicolae_temple_bog_church
Lair:1:   layout_regular_city, serial_bayou, serial_bayou_lake_a,
          serial_bayou_pond_c, serial_bayou_shore_a, serial_bayou_pond_c,
          lemuel_centaur_altar, infiniplex_staircase_pool_2
Lair:2:   layout_cave_pods, st_stairs_7, lemuel_fruit_tree, uniq_amaemon
Lair:3:   layout_big_grid, minmay_swamp_entry_worms,
          minmay_snake_entry_guardpost_small, nzn_masters_of_martial_movement
Lair:4:   layout_roguey, slime_entry_2, lemuel_fruit_fields
Lair:5:   minmay_lair_end_enchanted_forest, layout_cave_pods, grunt_megastairs_2

Skill      XL: |  1  2  3  4  5  6  7  8  9 10 11 12 13 14 15 16 |
---------------+-------------------------------------------------+-----
Stealth        | 2 3 5 8 10 11 12 | 12.3
Dodging        | 3 4 7 10 13 | 13.4
Spellcasting   | 4 5 6 7 8 9 10 11 12 | 12.5
Fighting       | 2 4 5 6 8 9 10 11 12 14 15 | 15.0
Shields        | 3 4 |  4.0
Short Blades   | 2 4 6 7 10 12 | 12.6
Evocations     | 5 8 |  8.0

Action                   |  1- 3 |  4- 6 |  7- 9 | 10-12 | 13-15 | 16-18 || total
-------------------------+-------+-------+-------+-------+-------+-------++-------
Melee: Short sword       |    54 |    49 |    60 |       |       |       ||   163
       Unarmed           |     2 |       |       |       |       |       ||     2
       Punch             |       |     1 |     1 |       |       |       ||     2
       Dagger            |       |       |   312 |   669 |       |       ||   981
       Quick blade       |       |       |       |    14 |  1415 |   283 ||  1712
Throw: Dart              |       |       |    12 |     1 |       |       ||    13
       Javelin           |       |       |     2 |     6 |       |       ||     8
 Cast: Freeze            |    39 |    35 |    38 |       |       |       ||   112
       Static Discharge  |       |     9 |    17 |     6 |       |       ||    32
       Frozen Ramparts   |       |       |    14 |    22 |    15 |     2 ||    53
       Ozocubu's Armour  |       |       |     3 |       |    11 |       ||    14
       Vhi's Electric Ch |       |       |     2 |     4 |     1 |       ||     7
       Gell's Gravitas   |       |       |     1 |     2 |     6 |     1 ||    10
       Summon Lightning  |       |       |       |    18 |     1 |     5 ||    24
       Summon Ice Beast  |       |       |       |     7 |     6 |     6 ||    19
       Eringya's Noxious |       |       |       |       |     2 |       ||     2
Invok: Curse Item        |       |     1 |     2 |     2 |     1 |       ||     6
       Shatter the Chain |       |       |       |       |     1 |       ||     1
Evoke: Wand              |       |       |     3 |    10 |     8 |       ||    21
       Box of beasts     |       |       |       |     1 |     1 |       ||     2
       Lightning rod     |       |       |       |       |     4 |     1 ||     5
  Use: Scroll            |     9 |     5 |    14 |     8 |     5 |     2 ||    43
       Potion            |       |       |     1 |     3 |     1 |       ||     5
 Stab: Sleeping          |     4 |     5 |     5 |    21 |    33 |     5 ||    73
       Distracted        |       |       |       |     3 |     6 |     3 ||    12
Armor: Robe              |    34 |    19 |   120 |    17 |       |       ||   190
       Troll leather arm |       |       |       |    69 |   100 |    17 ||   186
Dodge: Dodged            |    57 |    57 |   231 |   299 |   364 |    62 ||  1070
Block: Buckler           |       |       |   120 |   249 |   388 |    63 ||   820
       Reflection        |       |       |       |     8 |     2 |     1 ||    11

Table legend: (Time is in decaauts)
 A = Elapsed time spent in this place.
 B = Non-inter-level travel time spent in this place.
 C = Inter-level travel time spent in this place.
 D = Time resting spent in this place.
 E = Time spent auto-exploring this place.
 F = Levels seen in this place.
 G = Mean time per level.
                   A        B        C        D        E       F      G
               +--------+--------+--------+--------+--------+-----+--------+
         Total |  30758 |  29604 |   1154 |  10782 |  12503 |  23 | 1337.3 |
       Dungeon |  21448 |  20613 |    835 |   7688 |   9109 |  15 | 1429.9 |
        Temple |     17 |      9 |      8 |      0 |      0 |   1 |   17.0 |
          Lair |   6713 |   6402 |    311 |   1686 |   3224 |   5 | 1342.6 |
       Ossuary |   1480 |   1480 |      0 |    905 |     45 |   1 | 1480.0 |
        Bailey |   1098 |   1098 |      0 |    503 |    125 |   1 | 1098.0 |
               +--------+--------+--------+--------+--------+-----+--------+

Top non-repeatable levels by time:
     D:6: 2585 daAuts
     D:4: 2506 daAuts
    D:14: 2063 daAuts
     D:9: 1990 daAuts
     D:1: 1679 daAuts
  Lair:5: 1653 daAuts
  Lair:2: 1483 daAuts
 Ossuary: 1480 daAuts
    D:11: 1450 daAuts
  Lair:4: 1409 daAuts
     D:5: 1376 daAuts
    D:13: 1356 daAuts
    D:15: 1229 daAuts
    D:10: 1220 daAuts
  Lair:3: 1219 daAuts
